 Dungeon Sprint DCSS version 0.29-a0-414-g5075937ec3 (webtiles) character file.

Game seed: 10535925250946575413

9000000 Zeld the Conqueror (level 27, -52/228 HPs)
             Began as a Djinni Monk on May 15, 2022.
             Was the Champion of Makhleb.
             Annihilated by a destroyer
             ... wielding a +9 vorpal great sword
              (99 damage)
             ... in the Dungeon (Sprint VIII: "Arena of Blood").
             The game lasted 00:02:35 (90 turns).

Zeld the Conqueror (Djinni Monk)                      Turns: 90, Time: 00:02:36

Health: -52/228    AC:  4    Str: 20    XL:     27
Gold:   0          EV: 29    Int: 15    God:    Makhleb [******] SH:  0 Dex: 17

rFire   + + .      SeeInvis .   h - +∞ Axe of Woe
rCold   x . .      Faith    .   (shield currently unavailable)
rNeg    . . .      Spirit   .   a - +0 robe
rPois   ∞          Reflect  .   (no helmet)
rElec   .          Harm     .   (no cloak)
rCorr   .          Rampage  .   (no gloves)
Will    ++...      NoTele   +   (boots unavailable)
Stlth   ++++++++++              (no amulet)
HPRegen 0.48/turn               (no ring)
MPRegen 0.00/turn               (no ring)

@: flying
A: sickness immunity, fire resistance 2, cold vulnerability 1, float, innate
caster, HP casting, extra vitality 1
a: Renounce Religion, Minor Destruction, Lesser Servant of Makhleb, Major
Destruction, Greater Servant of Makhleb


You were in the Dungeon.
You worshipped Makhleb.
Makhleb was exalted by your worship.
You visited 1 branch

Inventory:

Hand Weapons
 h - the +∞ Axe of Woe (weapon)
   (You found it in the Dungeon)
Armour
 a - a +0 robe (worn)
Scrolls
 g - a scroll of blinking
Potions
 b - a potion of ambrosia
 c - a potion of curing
 d - a potion of heal wounds
 e - a potion of haste
 f - a potion of berserk rage


   Skills:
 O Level 27 Fighting
 O Level 27 Short Blades
 O Level 27 Long Blades
 O Level 27 Axes
 + Level 26.7(27) Maces & Flails
 + Level 26.7(27) Polearms
 O Level 27 Staves
 + Level 26.8(27) Slings
 + Level 26.8 Bows
 + Level 26.7 Crossbows
 + Level 26.7(27) Throwing
 O Level 27 Armour
 O Level 27 Dodging
 O Level 27 Stealth
 O Level 27 Shields
 O Level 27 Unarmed Combat
 O Level 27 Spellcasting
 O Level 27 Invocations
 O Level 27 Evocations


You had 9 spell levels left.
You knew the following spells:

 Your Spells              Type           Power      Damage    Failure   Level
a - Summon Small Mammal   Summ           100%       N/A       0%          1
b - Wereblood             Tmut           79%        N/A       0%          2
c - Call Imp              Summ           79%        N/A       0%          2
d - Ice Form              Ice/Tmut       79%        N/A       0%          4
e - Borgnjor's Vile Clut  Necr/Erth      39%        N/A       0%          5
f - Metabolic Englaciati  Hex/Ice        39%        N/A       0%          5
g - Dispersal             Tloc           39%        N/A       0%          6
h - Summon Cactus Giant   Summ           39%        N/A       0%          6
i - Haunt                 Necr/Summ      39%        N/A       1%          7
j - Lehudib's Crystal Sp  Conj/Erth      39%        10d10     1%          8
k - Summon Horrible Thin  Summ           39%        N/A       1%          8
l - Infestation           Necr           39%        N/A       1%          8
m - Fire Storm            Conj/Fire      39%        8d10      2%          9
Your spell library was empty.

Dungeon Overview and Level Annotations

Branches:
Dungeon (1/1)

Altars:
Makhleb

Annotations:
D The Captor


Innate Abilities, Weirdness & Mutations

You are immune to sickness and miasma.
You are immune to poison.
Your flesh is very heat resistant. (rF++)
You are vulnerable to cold. (rC-)
You float through the air rather than walking.
You learn spells naturally, not from books.
Your magical power is your life essence.
You have superior vitality. (+4 MHP)


Message History

Unknown command.
Unknown command.
Casting: Fire Storm (dangerous; 2% risk of failure)
Confirm with . or Enter, or press ? or * to list all spells.
Aiming: Infestation (mildly dangerous; 1% risk of failure)
Press: ? - help, Dir - move target, f - meat berserker
Aim: a meat berserker, wielding a +9 battleaxe and wearing a +30 ring of slaying (lightly wounded, berserk)
You call forth a plague of scarabs!
The meat berserker is infested!
The meat beast is infested!
The bag of meat is infested!
The destroyer is infested!
Your fire vortex is unaffected.
The meat beast is infested!
The tentacled monstrosity is unaffected.
The bag of meat is infested!
The tentacled monstrosity is unaffected.
A meat beast comes into view.
You hear a shout! x2
The meat berserker hits you with a +9 battleaxe!!!!
The meat berserker rages.
You hear a shout!
The meat beast roars, "Turn tail, thou reeling-ripe fool-headed zombie-fodder!"
An eight-headed meat hydra comes into view.
You hear a shout!
The bag of meat hits you with a +9 war axe!
You hear a shout!
The accursed points at you and mumbles some strange words.
Something smites you!
The destroyer gestures at you while chanting.
The destroyer blinks!
A bag of meat comes into view. It is wielding a +9 war axe.
A meat beast comes into view.
The accursed gestures at you while chanting.
Something smites you!
The tyrant waves its bony arms in wide circles.
The air twists around and strikes you!!!
* * * LOW HITPOINT WARNING * * *
You hear a shout!
A meat berserker comes into view. It is wielding a +9 battleaxe.
The destroyer hits you with a +9 vorpal great sword!!!!
You die... o.. .. #WX

..# . #X. ..#
.§###.M ..###.
..O.oXo###......
.....oV)_)......
.....#°XLX.#.o...
... #v)oV_# ...
...L.#O2O@)#.....
....OoV)_2).@zo.2
..D.Xoo###§..o..2
..###MX L.###LX
#.. ).# . #). ))#
..O ... .... ....
.... o...


You could see 2 accurseds, 3 tentacled monstrosities, 4 meat beasts, 3 tyrants,
an eight-headed meat hydra, 3 destroyers, a sculptor of flesh, 3 large
abominations, a dread, 4 meat berserkers, The Captor, 9 bags of meat and a
friendly fire vortex.

Vanquished Creatures
  4 hell beasts (D)
  2 wraiths (D)
  9 vampire knights (D)
  37 ogres (D)
  4 two-headed ogres (D)
  2 liches (D)
  2 phantoms (D)
  33 orcs (D)
  9 skeletal warriors (D)
102 creatures vanquished.

Vanquished Creatures (collateral kills)
  An orc (D)
1 creature vanquished.

Vanquished Creatures (others)
  2 ogres (D)
  2 two-headed ogres (D)
  A hydra (D)
  8 orcs (D)
  10 fire vortices (D)
23 creatures vanquished.

Grand Total: 126 creatures vanquished

Notes
Turn   | Place    | Note
-------+----------+-------------------------------------------
     0 | D        | Found the +∞ Axe of Woe
     0 | D        | Zeld the Djinni Monk began the quest for the Orb.
     0 | D        | Reached XP level 1. HP: 20/20 MP: 0/0
     4 | D        | Became a worshipper of Makhleb the Destroyer
     4 | D        | Reached * piety under Makhleb
     4 | D        | Reached ** piety under Makhleb
     5 | D        | Noticed a bag of meat
     6 | D        | Noticed a bag of meat
     6 | D        | Noticed a bag of meat
     7 | D        | Noticed a bag of meat
     9 | D        | Noticed a bag of meat
    10 | D        | Noticed a meat berserker
    11 | D        | Noticed a meat berserker
    12 | D        | Killed a bag of meat
    13 | D        | Reached XP level 2. HP: 41/41 MP: 0/0
    13 | D        | Reached XP level 3. HP: 47/47 MP: 0/0
    13 | D        | Learned a level 1 spell: Summon Small Mammal
    13 | D        | Reached XP level 4. HP: 53/53 MP: 0/0
    13 | D        | Reached XP level 5. HP: 58/58 MP: 0/0
    13 | D        | Learned a level 2 spell: Wereblood
    13 | D        | Reached XP level 6. HP: 65/65 MP: 0/0
    13 | D        | Reached XP level 7. HP: 70/70 MP: 0/0
    13 | D        | Learned a level 2 spell: Call Imp
    13 | D        | Reached XP level 8. HP: 76/76 MP: 0/0
    13 | D        | Reached XP level 9. HP: 82/82 MP: 0/0
    13 | D        | Learned a level 4 spell: Ice Form
    13 | D        | Reached XP level 10. HP: 88/88 MP: 0/0
    13 | D        | Reached XP level 11. HP: 94/94 MP: 0/0
    13 | D        | Learned a level 5 spell: Borgnjor's Vile Clutch
    13 | D        | Killed a bag of meat
    14 | D        | Reached skill level 15 in Fighting
    14 | D        | Reached skill level 5 in Stealth
    14 | D        | Reached skill level 15 in Unarmed Combat
    14 | D        | Reached skill level 10 in Spellcasting
    14 | D        | Reached XP level 12. HP: 49/103 MP: 0/0
    14 | D        | Killed a meat berserker
    14 | D        | Killed a meat berserker
    14 | D        | Reached *** piety under Makhleb
    14 | D        | Noticed a meat berserker
    14 | D        | Noticed a bag of meat
    15 | D        | Reached XP level 13. HP: 95/118 MP: 0/0
    15 | D        | Learned a level 5 spell: Metabolic Englaciation
    15 | D        | Reached XP level 14. HP: 100/124 MP: 0/0
    15 | D        | Killed a bag of meat
    16 | D        | Noticed a bag of meat
    16 | D        | Noticed a meat berserker
    17 | D        | Noticed a meat berserker
    17 | D        | Noticed a meat berserker
    18 | D        | Noticed a bag of meat
    18 | D        | Noticed a bag of meat
    19 | D        | Killed a meat berserker
    19 | D        | Noticed a meat berserker
    19 | D        | Noticed a bag of meat
    19 | D        | Noticed a large bag of meat
    20 | D        | Reached XP level 15. HP: 135/135 MP: 0/0
    20 | D        | Learned a level 6 spell: Dispersal
    20 | D        | Killed a meat berserker
    20 | D        | Reached **** piety under Makhleb
    20 | D        | Noticed a destroyer
    21 | D        | Reached skill level 10 in Axes
    21 | D        | Reached skill level 15 in Spellcasting
    21 | D        | Killed a meat berserker
    21 | D        | Killed a meat berserker
    21 | D        | Noticed a destroyer
    22 | D        | Reached XP level 16. HP: 95/148 MP: 0/0
    23 | D        | Reached XP level 17. HP: 125/156 MP: 0/0
    23 | D        | Learned a level 6 spell: Summon Cactus Giant
    23 | D        | Killed a large bag of meat
    23 | D        | Reached ***** piety under Makhleb
    23 | D        | Killed a meat berserker
    23 | D        | Killed a destroyer
    24 | D        | Reached skill level 27 in Fighting
    24 | D        | Reached skill level 27 in Dodging
    24 | D        | Reached XP level 18. HP: 152/167 MP: 0/0
    24 | D        | Killed a destroyer
    25 | D        | Reached skill level 27 in Unarmed Combat
    25 | D        | Reached XP level 19. HP: 174/174 MP: 0/0
    25 | D        | Learned a level 7 spell: Haunt
    25 | D        | Noticed a meat berserker
    25 | D        | Noticed a meat berserker
    26 | D        | Noticed a destroyer
    28 | D        | Noticed a destroyer
    28 | D        | Reached ****** piety under Makhleb
    28 | D        | Killed a meat berserker
    29 | D        | Killed a destroyer
    29 | D        | Noticed a meat berserker
    30 | D        | Reached skill level 27 in Axes
    30 | D        | Reached skill level 15 in Stealth
    30 | D        | Reached XP level 20. HP: 181/181 MP: 0/0
    31 | D        | Noticed a destroyer
    31 | D        | Noticed a meat berserker
    33 | D        | Reached skill level 27 in Spellcasting
    33 | D        | Noticed a meat berserker
    34 | D        | Noticed a meat berserker
    35 | D        | Killed a meat berserker
    35 | D        | Killed a meat berserker
    36 | D        | Reached XP level 21. HP: 187/187 MP: 0/0
    36 | D        | Learned a level 8 spell: Lehudib's Crystal Spear
    36 | D        | Killed a meat berserker
    36 | D        | Noticed a meat berserker
    36 | D        | Noticed a large bag of meat
    37 | D        | Reached skill level 27 in Stealth
    37 | D        | Killed a destroyer
    38 | D        | Reached skill level 5 in Maces & Flails
    38 | D        | Reached skill level 5 in Polearms
    38 | D        | Reached skill level 5 in Slings
    38 | D        | Reached skill level 5 in Bows
    38 | D        | Reached skill level 5 in Crossbows
    38 | D        | Reached skill level 5 in Throwing
    38 | D        | Noticed a meat berserker
    39 | D        | Noticed a destroyer
    40 | D        | Noticed a destroyer
    40 | D        | Noticed a meat berserker
    41 | D        | Noticed a destroyer
    41 | D        | Killed a meat berserker
    41 | D        | Killed a meat berserker
    41 | D        | Noticed a meat berserker
    41 | D        | Noticed an eight-headed meat hydra
    41 | D        | Noticed a meat berserker
    42 | D        | Reached XP level 22. HP: 194/194 MP: 0/0
    42 | D        | Noticed a meat berserker
    42 | D        | Killed a meat berserker
    42 | D        | Noticed a meat berserker
    43 | D        | Reached skill level 10 in Short Blades
    43 | D        | Reached skill level 10 in Long Blades
    43 | D        | Reached skill level 10 in Staves
    43 | D        | Reached skill level 10 in Armour
    43 | D        | Reached skill level 10 in Shields
    43 | D        | Reached skill level 10 in Invocations
    43 | D        | Reached skill level 10 in Evocations
    43 | D        | Noticed a destroyer
    43 | D        | Noticed a meat berserker
    44 | D        | Killed a large bag of meat
    45 | D        | Reached skill level 10 in Maces & Flails
    45 | D        | Reached skill level 10 in Polearms
    45 | D        | Reached skill level 10 in Slings
    45 | D        | Reached skill level 10 in Bows
    45 | D        | Reached skill level 10 in Crossbows
    45 | D        | Reached skill level 10 in Throwing
    45 | D        | Killed a destroyer
    45 | D        | Killed a destroyer
    46 | D        | Reached XP level 23. HP: 198/201 MP: 0/0
    46 | D        | Learned a level 8 spell: Summon Horrible Things
    46 | D        | Noticed a large bag of meat
    47 | D        | Noticed a destroyer
    48 | D        | Reached XP level 24. HP: 204/208 MP: 0/0
    48 | D        | Noticed a tyrant
    49 | D        | Reached skill level 15 in Short Blades
    49 | D        | Reached skill level 15 in Long Blades
    49 | D        | Reached skill level 15 in Staves
    50 | D        | Killed a destroyer
    50 | D        | Noticed an accursed
    51 | D        | Reached skill level 15 in Maces & Flails
    51 | D        | Reached skill level 15 in Polearms
    51 | D        | Reached skill level 15 in Slings
    51 | D        | Reached skill level 15 in Bows
    51 | D        | Reached skill level 15 in Crossbows
    51 | D        | Reached skill level 15 in Throwing
    51 | D        | Noticed a tyrant
    51 | D        | Killed a tyrant
    52 | D        | Reached XP level 25. HP: 210/214 MP: 0/0
    52 | D        | Learned a level 8 spell: Infestation
    53 | D        | Killed a large bag of meat
    54 | D        | Noticed a tyrant
    57 | D        | Killed a destroyer
    58 | D        | Killed a destroyer
    58 | D        | Noticed an accursed
    59 | D        | Reached XP level 26. HP: 151/221 MP: 0/0
    61 | D        | Killed a large bag of meat
    66 | D        | Noticed a dread
    66 | D        | Noticed a dread
    75 | D        | Killed a dread
    76 | D        | Reached XP level 27. HP: 183/228 MP: 0/0
    76 | D        | Learned a level 9 spell: Fire Storm
    76 | D        | Killed a tyrant
    76 | D        | Killed a large bag of meat
    77 | D        | Noticed a meat beast
    78 | D        | Killed a dread
    80 | D        | Killed a large bag of meat
    81 | D        | Noticed a dread
    81 | D        | Noticed a destroyer
    81 | D        | Noticed a destroyer
    81 | D        | Noticed a meat beast
    82 | D        | Killed a meat beast
    85 | D        | Noticed a meat beast
    85 | D        | Noticed a meat beast
    86 | D        | Killed a meat beast
    86 | D        | Noticed a tyrant
    86 | D        | Noticed The Captor
    86 | D        | Noticed a meat beast
    87 | D        | Noticed a tyrant
    87 | D        | Killed a meat beast
    87 | D        | Noticed a tyrant
    88 | D        | Noticed a destroyer
    89 | D        | Reached skill level 27 in Short Blades
    89 | D        | Reached skill level 27 in Long Blades
    89 | D        | Reached skill level 27 in Staves
    89 | D        | Reached skill level 27 in Armour
    89 | D        | Reached skill level 27 in Shields
    89 | D        | Reached skill level 27 in Invocations
    89 | D        | Reached skill level 27 in Evocations
    89 | D        | Killed a meat beast
    89 | D        | Noticed a meat beast
    89 | D        | Noticed an accursed
    90 | D        | Noticed a meat beast
    90 | D        | Noticed a meat beast
    90 | D        | Annihilated by a destroyer

Illustrated notes

Levels and vault maps discovered:
D:        meatsprint

Skill      XL: |  1  2  3  4  5  6  7  8  9 10 11 12 13 14 15 16 17 18 19 20 21 22 23 24 25 26 27 |
---------------+----------------------------------------------------------------------------------+-----
Fighting       | 14 15 19 21 24 25 27 | 27.0
Axes           | 3 4 7 9 13 18 21 27 | 27.0
Dodging        | 14 16 20 22 24 25 27 | 27.0
Stealth        | 4 5 7 8 9 11 12 15 24 27 | 27.0
Unarmed Combat | 13 15 18 19 22 25 27 | 27.0
Spellcasting   | 8 10 13 14 16 17 20 21 26 27 | 27.0
Short Blades   | 9 13 14 17 19 21 27 | 27.0
Long Blades    | 9 13 14 17 19 21 27 | 27.0
Maces & Flails | 8 11 13 15 18 20 26 | 26.7
Polearms       | 8 12 13 15 18 20 26 | 26.7
Staves         | 9 13 14 17 19 21 27 | 27.0
Slings         | 8 11 13 15 18 20 26 | 26.8
Bows           | 8 12 13 15 18 20 26 | 26.8
Crossbows      | 8 11 13 15 18 20 26 | 26.7
Throwing       | 8 11 13 15 18 20 26 | 26.7
Armour         | 9 13 14 17 20 22 27 | 27.0
Shields        | 9 13 14 17 20 22 27 | 27.0
Invocations    | 9 13 14 17 20 22 27 | 27.0
Evocations     | 9 13 14 17 20 22 27 | 27.0

Action                   |  1- 3 |  4- 6 |  7- 9 | 10-12 | 13-15 | 16-18 | 19-21 | 22-24 | 25-27 || total
-------------------------+-------+-------+-------+-------+-------+-------+-------+-------+-------++-------
Melee: Executioner's axe |     1 |       |       |     2 |     4 |     3 |    10 |     8 |    24 ||    52
 Cast: Metabolic Englaci |       |       |       |       |       |       |     2 |       |       ||     2
       Haunt             |       |       |       |       |       |       |     3 |     2 |       ||     5
       Infestation       |       |       |       |       |       |       |       |       |     3 ||     3
       Summon Horrible T |       |       |       |       |       |       |       |       |     1 ||     1
       Fire Storm        |       |       |       |       |       |       |       |       |     1 ||     1
 Stab: Distracted        |       |       |       |       |       |       |       |       |     1 ||     1
Armor: Robe              |       |       |       |       |       |       |       |       |     1 ||     1
Dodge: Dodged            |       |       |       |     1 |       |     1 |     1 |     1 |     2 ||     6

Table legend: (Time is in decaauts)
 A = Elapsed time spent in this place.
 B = Non-inter-level travel time spent in this place.
 C = Inter-level travel time spent in this place.
 D = Time resting spent in this place.
 E = Time spent auto-exploring this place.
 F = Levels seen in this place.
 G = Mean time per level.
                   A        B        C        D        E       F      G
               +--------+--------+--------+--------+--------+-----+--------+
         Total |     81 |     81 |      0 |      0 |      0 |   1 |   81.0 |
       Dungeon |     81 |     81 |      0 |      0 |      0 |   1 |   81.0 |
               +--------+--------+--------+--------+--------+-----+--------+

Top non-repeatable levels by time:
       D: 81 daAuts
